[Event "Titled Tuesday Blitz May 16 Early 2023"]
[White "Simonian, Hrair"]
[Black "Keymer, Vincent"]
[WhiteFideId "13302337"]
[BlackFideId "12940690"]
[WhiteElo "2447"]
[BlackElo "2669"]
[Result "1-0"]
[Round "03"]
[TimeControl "180+2"]
[Date "2023.05.16"]
[WhiteClock "0:00:18"]
[BlackClock "0:00:03"]

1. e4 c6 2. d4 d5 3. Nc3 h6 4. Nf3 dxe4 5. Nxe4 Bf5 6. Ng3 Bh7 7. Bc4 Nd7 8. c3 Ngf6 9. Qb3 e6 10. Qxb7 Be7 11. Qxc6 O-O 12. O-O Rc8 13. Qa6 Qc7 14. Bd3 Rb8 15. Bxh7+ Nxh7 16. Qe2 Nhf6 17. c4 Rfc8 18. b3 a5 19. d5 Nc5 20. dxe6 Nxe6 21. Nf5 Bc5 22. Bb2 Qf4 23. Qe5 a4 24. Qxf4 Nxf4 25. Bxf6 gxf6 26. Nxh6+ Kh7 27. Ng4 f5 28. Nf6+ Kg7 29. Nd7 Rb7 30. Nxc5 Rxc5 31. Rfb1 axb3 32. axb3 Ne2+ 33. Kf1 Nc3 34. Rb2 Rxc4 35. Rc1 Rcc7 36. Rbc2 Nd5 37. Rxc7 Nxc7 38. Nd4 Kf6 39. f4 Ne6 40. Nxe6 fxe6 41. Rb1 Rb4 42. g3 e5 43. fxe5+ Kxe5 44. Ke2 f4 45. gxf4+ Rxf4 46. Kd3 Rh4 47. Rb2 Kd5 48. Ke3 Ke5 49. Kf3 Rb4 50. Kg3 Kf5 51. h3 Kg5 52. Kf3 Kf5 53. Ke3 Ke5 54. Kd3 Kd5 55. Kc3 Rh4 56. Rd2+ Kc6 57. Rd3 Kc5 58. Rg3 Kb5 59. b4 Rxb4 60. Rg5+ Ka4 61. Rg4 Rxg4 62. hxg4 Kb5 63. Kd4 Kc6 64. Ke5 Kd7 65. Kf6 Ke8 66. Kg7 1-0


[Site "https://www.chess.com"]

[Event "Titled Tuesday Blitz May 16 Early 2023"]
[White "Steinberg, Nitzan"]
[Black "MKlose11"]
[WhiteFideId "2801795"]
[WhiteElo "2486"]
[BlackElo "2669"]
[Result "1-0"]
[Round "03"]
[TimeControl "180+2"]
[Date "2023.05.16"]
[WhiteClock "0:01:02"]
[BlackClock "0:00:05"]

1. d4 Nf6 2. Nf3 c5 3. d5 b5 4. c4 bxc4 5. Nc3 d6 6. e4 g6 7. Bxc4 Bg7 8. h3 O-O 9. O-O Ba6 10. Nd2 Nfd7 11. Qe2 Bxc4 12. Nxc4 Nb6 13. Ne3 N8d7 14. a4 Rb8 15. a5 Na8 16. Nc4 Nc7 17. a6 Rb4 18. Na5 Nb8 19. Nc6 Nxc6 20. dxc6 Rb6 21. Nd5 Rxc6 22. Bg5 Nxd5 23. exd5 Rc7 24. Rfe1 Re8 25. Ra4 Qd7 26. Re4 Qf5 27. Qb5 Qd7 28. Rxe7 Rxe7 29. Qb8+ Rc8 30. Rxe7 Rxb8 31. Rxd7 h6 32. Be7 Be5 33. Rb7 Re8 34. b3 g5 35. Rxa7 Kg7 36. Rb7 Kg6 37. a7 Ra8 38. Bd8 c4 39. bxc4 Bd4 40. Bb6 Bxb6 41. Rxb6 Rxa7 42. Rxd6+ f6 43. c5 Ra1+ 44. Kh2 Ra2 45. c6 Rc2 46. Rd7 Kf5 47. c7 Ke5 48. d6 Ke6 49. Rd8 h5 50. c8=Q+ 1-0


[Site "https://www.chess.com"]

[Event "Titled Tuesday Blitz May 16 Early 2023"]
[White "Riff, Vincent"]
[Black "Tari, Aryan"]
[WhiteFideId "617776"]
[BlackFideId "1510045"]
[WhiteElo "2369"]
[BlackElo "2571"]
[Result "0-1"]
[Round "03"]
[TimeControl "180+2"]
[Date "2023.05.16"]
[WhiteClock "0:00:32"]
[BlackClock "0:00:18"]

1. d4 Nf6 2. Nf3 g6 3. Bf4 Bg7 4. e3 O-O 5. Be2 c5 6. O-O cxd4 7. exd4 b6 8. Nbd2 Bb7 9. c3 d6 10. a4 a6 11. Qb3 Nbd7 12. Rfe1 Qc7 13. Rad1 e5 14. dxe5 dxe5 15. Bg3 Nh5 16. Bf1 Nxg3 17. hxg3 Nc5 18. Qa2 e4 19. Nd4 Rad8 20. b4 Nd3 21. Bxd3 exd3 22. Qc4 Qxc4 23. Nxc4 Bxd4 24. cxd4 Rxd4 25. Nxb6 Rfd8 26. Re7 Be4 27. b5 axb5 28. axb5 d2 29. Rxd2 Rxd2 30. Rxe4 Rb2 31. Nc4 Rxb5 32. Re2 h5 33. Ne3 Ra8 34. Kh2 Rb4 35. Nd5 Rd4 36. Nf6+ Kg7 37. Ne8+ Kh6 38. Nf6 Ra1 39. g4 Rf4 40. Nd7 hxg4 41. Ne5 Kg5 42. g3 Rf5 43. Nd3 Ra3 44. Nf4 Rxf4 45. gxf4+ Kxf4 46. Kg2 f5 47. Rb2 Kg5 48. Rb5 Rd3 49. Ra5 Rd4 50. Rb5 Kf4 51. Ra5 Rc4 52. Rb5 Rc2 53. Rb4+ Ke5 54. Rb5+ Kf6 55. Rb6+ Kg5 56. Rb5 Kh4 57. Rb4 Rc8 58. Rb6 Kh5 59. Kg3 Rc3+ 60. Kg2 f4 61. Rb5+ Kh4 62. Rb6 f3+ 63. Kh2 Rc2 64. Kg1 Rc1+ 65. Kh2 Rf1 66. Rxg6 Rxf2+ 67. Kh1 Kg3 68. Kg1 Rg2+ 69. Kh1 Rh2+ 70. Kg1 f2+ 0-1


[Site "https://www.chess.com"]

[Event "Titled Tuesday Blitz May 16 Early 2023"]
[White "Drygalov, Sergey"]
[Black "Itgelt, Khuyagtsogt"]
[WhiteFideId "24171743"]
[BlackFideId "4902912"]
[WhiteElo "2533"]
[BlackElo "2227"]
[Result "0-1"]
[Round "03"]
[TimeControl "180+2"]
[Date "2023.05.16"]
[WhiteClock "0:00:05"]
[BlackClock "0:00:09"]

1. d4 Nf6 2. c4 g6 3. Nc3 d5 4. cxd5 Nxd5 5. e4 Nxc3 6. bxc3 Bg7 7. Be3 c5 8. Nf3 O-O 9. Be2 cxd4 10. cxd4 Qa5+ 11. Qd2 Qxd2+ 12. Kxd2 Rd8 13. Rhd1 Nc6 14. Ke1 Bg4 15. e5 Be6 16. a3 Bd5 17. Rac1 b6 18. Ba6 Rab8 19. Bb5 Rbc8 20. Ba6 Rb8 21. Rb1 e6 22. Bb5 Bf8 23. Rbc1 Rdc8 24. Rc3 Nxe5 25. Nxe5 Rxc3 26. Bf4 Rd8 27. Bg5 Rdc8 28. a4 h6 29. Bf4 g5 30. Be3 Rc2 31. Kf1 Bg7 32. h4 Bxe5 33. Kg1 Bd6 34. hxg5 hxg5 35. Bxg5 Kg7 36. Ba6 R8c7 37. Bd3 f6 38. Be3 R2c3 39. f3 Rb3 40. Kf2 Rcc3 41. Be2 Rxe3 42. Bb5 Rb2+ 43. Kxe3 Rxg2 44. Rc1 Kh6 45. Rc8 Rg7 46. Rh8+ Rh7 47. Rd8 Be7 48. Re8 f5 49. Bd3 Bg5+ 50. f4 Bf6 51. Rf8 Kg7 52. Rc8 Rh3+ 53. Kd2 Bxd4 54. Rc7+ Kf6 55. Rxa7 Rh2+ 56. Ke1 Be3 57. Ra6 Bf3 58. Bf1 Rh1 59. a5 bxa5 60. Rxa5 Bg2 61. Ke2 Rxf1 62. Kxe3 Rf3+ 63. Ke2 Rxf4 64. Ra7 Re4+ 65. Kf2 Bh3 66. Ra8 Bg4 67. Rf8+ Ke5 68. Kg3 Re3+ 69. Kf2 Rf3+ 70. Ke2 Kf4 71. Re8 e5 72. Kd2 e4 73. Re7 Rd3+ 74. Ke1 Kg3 75. Rc7 Rd1# 0-1


[Site "https://www.chess.com"]

[Event "Titled Tuesday Blitz May 16 Early 2023"]
[White "Galchenko, Matvey"]
[Black "Florescu, Codrut-Constantin"]
[WhiteFideId "24175480"]
[BlackFideId "1202200"]
[WhiteElo "2423"]
[BlackElo "2191"]
[Result "1-0"]
[Round "03"]
[TimeControl "180+2"]
[Date "2023.05.16"]
[WhiteClock "0:00:11"]
[BlackClock "0:00:07"]

1. f4 d5 2. Nf3 Bg4 3. Ne5 Bh5 4. c4 f6 5. Nf3 Bxf3 6. exf3 d4 7. Qb3 e5 8. c5 Nd7 9. Qxb7 Bxc5 10. Bc4 Ne7 11. d3 Rb8 12. Qa6 Rb6 13. Qa4 Ng6 14. O-O Ke7 15. Bb3 Qb8 16. Qc4 Rf8 17. Re1 Kd8 18. fxe5 Ngxe5 19. Qc2 Bd6 20. Nd2 Nc5 21. Bc4 Rc6 22. Qb1 Na4 23. Bd5 Rc5 24. Bb3 Nb6 25. Ne4 Rc6 26. f4 Ng4 27. Nxd6 Rxd6 28. Qc2 Nd7 29. Qe2 Ne3 30. Bxe3 Re8 31. Qg4 Rxe3 32. Qxg7 Qb6 33. Qg8+ Ke7 34. Qxh7+ Kd8 35. Qg8+ Ke7 36. h4 c5 37. h5 c4 38. Qxc4 Nc5 39. Qf7+ Kd8 40. h6 Nxb3 41. axb3 Qc5 42. Rec1 Qf5 43. Qf8+ Kd7 44. Qc8+ Ke7 45. Rc7+ Rd7 46. Rxd7+ Qxd7 47. Qxd7+ Kxd7 48. Rxa7+ Kd6 49. h7 Re8 50. Kf2 Rh8 51. g4 Ke6 52. Kf3 Kd5 53. g5 fxg5 54. fxg5 1-0


[Site "https://www.chess.com"]

[Event "Titled Tuesday Blitz May 16 Early 2023"]
[White "Domingo Nunez, Ruben"]
[Black "Shimanov, Aleksandr"]
[WhiteFideId "22245570"]
[BlackFideId "4198603"]
[WhiteElo "2404"]
[BlackElo "2631"]
[Result "1-0"]
[Round "03"]
[TimeControl "180+2"]
[Date "2023.05.16"]
[WhiteClock "0:00:02"]
[BlackClock "0:00:00"]

1. c4 g6 2. Nc3 Bg7 3. d4 c5 4. d5 Bxc3+ 5. bxc3 e5 6. h4 d6 7. h5 g5 8. h6 f6 9. e4 Ne7 10. Be2 Kd7 11. Bg4+ Kc7 12. Bxc8 Qxc8 13. Qf3 Nd7 14. Ne2 Qg8 15. Qg4 Qg6 16. Ng3 Rhf8 17. a4 a5 18. Be3 Nb6 19. Qe2 f5 20. exf5 Nxf5 21. Nf1 g4 22. Nd2 Nd7 23. Rb1 Rf7 24. Rb5 b6 25. Kd1 Raf8 26. Rf1 Nxh6 27. Bxh6 Qxh6 28. Ne4 Qg6 29. Kc1 h5 30. Kb2 h4 31. Ka3 h3 32. gxh3 gxh3 33. f3 Rh8 34. Rh1 Qg2 35. Qd1 Qxf3 36. Qb1 Rb8 37. Ng5 Qxc3+ 38. Rb3 Qxc4 39. Nxf7 Qxd5 40. Ng5 c4 41. Rc3 Qc5+ 42. Ka2 d5 43. Ne6+ Kd6 44. Nxc5 Nxc5 45. Rhxh3 Nxa4 46. Rh6+ Kc5 47. Ra3 b5 48. Rxa4 e4 49. Rxa5 c3 50. Qb3 Kd4 51. Qb4+ Kd3 52. Rd6 Ke2 53. Qxc3 Rc8 54. Qxc8 1-0


[Site "https://www.chess.com"]

[Event "Titled Tuesday Blitz May 16 Early 2023"]
[White "Zakhartsov, Vladimir"]
[Black "Alex_Sahakyan2006"]
[WhiteFideId "4145097"]
[WhiteElo "2495"]
[BlackElo "2646"]
[Result "1-0"]
[Round "03"]
[TimeControl "180+2"]
[Date "2023.05.16"]
[WhiteClock "0:00:58"]
[BlackClock "0:00:00"]

1. e4 e5 2. Nf3 Nc6 3. Nc3 Nf6 4. a3 d5 5. Bb5 d4 6. Ne2 Bd6 7. Bxc6+ bxc6 8. d3 h6 9. Ng3 Qe7 10. Nd2 Bg4 11. f3 Be6 12. b3 h5 13. O-O h4 14. Ne2 Nh5 15. Nc4 g5 16. h3 Nf4 17. Bxf4 gxf4 18. Kh1 Rg8 19. Rf2 Kd7 20. Nd2 Rg3 21. Nf1 Qg5 22. Nh2 f5 23. exf5 Bxf5 24. Ng4 Bxg4 25. fxg4 Re3 26. Ng1 Re8 27. Nf3 Qf6 28. Nd2 c5 29. Ne4 Qg6 30. Rf3 Rxe4 31. dxe4 Qxe4 32. Qf1 Qxc2 33. Rc1 Qe4 34. b4 cxb4 35. axb4 Qd5 36. Ra3 e4 37. Ra5 Qb3 38. Qb5+ Kd8 39. Qg5+ Kc8 40. Rxa7 f3 41. Qf5+ Kb8 42. Qb5+ Kxa7 43. Ra1+ 1-0


[Site "https://www.chess.com"]

[Event "Titled Tuesday Blitz May 16 Early 2023"]
[White "Durarbayli, Vasif"]
[Black "Korchmar, Vasiliy"]
[WhiteFideId "13402935"]
[BlackFideId "24131750"]
[WhiteElo "2551"]
[BlackElo "2370"]
[Result "1-0"]
[Round "03"]
[TimeControl "180+2"]
[Date "2023.05.16"]
[WhiteClock "0:00:05"]
[BlackClock "0:00:00"]

1. e4 c5 2. Nf3 d6 3. d4 cxd4 4. Nxd4 Nf6 5. Nc3 Nc6 6. f3 e5 7. Nb3 Be7 8. Be3 O-O 9. Qd2 Be6 10. O-O-O a5 11. Bb5 Nb4 12. a3 d5 13. axb4 d4 14. Nxd4 exd4 15. Qxd4 Qc8 16. bxa5 Rxa5 17. Qb6 Ra1+ 18. Kd2 Rxd1+ 19. Rxd1 Bb4 20. Bd3 Bxc3+ 21. bxc3 Nd7 22. Qd6 Rd8 23. Bd4 Nf8 24. Qe5 f6 25. Qc5 Qb8 26. g3 Bf7 27. Rb1 Ne6 28. Qb6 Ng5 29. Ke3 Qc8 30. h4 Ne6 31. Qxb7 Nxd4 32. Qxc8 Nxc2+ 33. Bxc2 Rxc8 34. Bd3 h5 35. Kd2 Rd8 36. Kc2 Ra8 37. c4 Ra2+ 38. Rb2 Ra1 39. c5 Ra5 40. Bb5 Kf8 41. Kd2 Ke7 42. Ke3 Kd8 43. Kf4 Kc7 44. g4 hxg4 45. fxg4 Ra1 46. Rd2 Rc1 47. Rd7+ 1-0


[Site "https://www.chess.com"]

[Event "Titled Tuesday Blitz May 16 Early 2023"]
[White "Kamsky, Gata"]
[Black "Ehlvest, Jaan"]
[WhiteFideId "2000024"]
[BlackFideId "4500016"]
[WhiteElo "2660"]
[BlackElo "2442"]
[Result "0-1"]
[Round "03"]
[TimeControl "180+2"]
[Date "2023.05.16"]
[WhiteClock "0:00:00"]
[BlackClock "0:00:05"]

1. d4 Nf6 2. Bf4 c5 3. e3 Qb6 4. Na3 cxd4 5. Qxd4 Qa5+ 6. c3 Nc6 7. Qd3 e5 8. Nc4 Qc7 9. Bg5 d5 10. Nd2 Be6 11. Ne2 Nd7 12. Nb3 a5 13. a4 f6 14. Bh4 Be7 15. Nec1 h5 16. h3 O-O-O 17. Bg3 Bd6 18. Qb5 g5 19. Nd3 f5 20. Ndc5 Nxc5 21. Nxc5 Bf7 22. Nb3 f4 23. Bh2 g4 24. O-O-O g3 25. Bg1 fxe3 26. fxg3 d4 27. Kb1 Bxb3 28. Qxb3 Kb8 29. Bd3 Bc5 30. Bh2 Ka8 31. g4 Qb6 32. Qxb6 Bxb6 33. Be4 hxg4 34. Bxc6 bxc6 35. Bxe5 e2 36. Bxh8 exd1=Q+ 37. Rxd1 Rxh8 38. cxd4 gxh3 39. gxh3 Rxh3 40. d5 c5 41. Re1 Rh7 42. Re6 Kb7 43. Kc2 Rd7 44. Re5 Bc7 45. Rf5 Re7 46. Kd3 Re5 0-1


[Site "https://www.chess.com"]

[Event "Titled Tuesday Blitz May 16 Early 2023"]
[White "Novik, Maxim"]
[Black "Pichot, Alan"]
[WhiteFideId "4102924"]
[BlackFideId "110973"]
[WhiteElo "2287"]
[BlackElo "2573"]
[Result "0-1"]
[Round "03"]
[TimeControl "180+2"]
[Date "2023.05.16"]
[WhiteClock "0:01:22"]
[BlackClock "0:02:03"]

1. d4 Nf6 2. c4 e6 3. Nc3 Bb4 4. e3 O-O 5. Bd3 d5 6. a3 Bxc3+ 7. bxc3 c6 8. cxd5 cxd5 9. Ne2 b6 10. O-O Ba6 11. Bc2 Nc6 12. Re1 Rc8 13. Ng3 Na5 14. Bd2 Nc4 15. Bc1 Nd6 16. Bd2 Nfe4 17. Rc1 f5 18. Bb1 Qh4 19. Nf1 Qxf2+ 20. Kh1 Bxf1 21. Rxf1 Qxd2 0-1


[Site "https://www.chess.com"]

[Event "Titled Tuesday Blitz May 16 Early 2023"]
[White "Hafiz, Arif Abdul"]
[Black "Spata, German"]
[WhiteFideId "7104227"]
[BlackFideId "113026"]
[WhiteElo "2198"]
[BlackElo "2260"]
[Result "1/2-1/2"]
[Round "03"]
[TimeControl "180+2"]
[Date "2023.05.16"]
[WhiteClock "0:00:11"]
[BlackClock "0:00:10"]

1. e4 e6 2. d4 d5 3. Nc3 dxe4 4. Nxe4 Bd7 5. Nf3 Bc6 6. Ng3 Nd7 7. Bd3 Ngf6 8. O-O Be7 9. Qe2 Bxf3 10. Qxf3 c6 11. c3 O-O 12. Bf4 Re8 13. Rfe1 Qa5 14. Ne4 Nxe4 15. Rxe4 g6 16. g3 Bg5 17. b4 Qd8 18. Bxg5 Qxg5 19. h4 Qe7 20. Rae1 Nf6 21. R4e2 Nd5 22. Bb1 Qf6 23. Qd3 a5 24. bxa5 Rxa5 25. c4 Ne7 26. Re5 Rea8 27. Qb3 b5 28. cxb5 Rxb5 29. Qc3 Rd8 30. a4 Rbd5 31. Rxd5 Nxd5 32. Qxc6 Qxd4 33. Qc2 Nc3 34. a5 Ra8 35. Rc1 Nxb1 36. Qxb1 Rxa5 37. Qb8+ Kg7 38. Qc7 Ra2 39. Qc3 Qxc3 40. Rxc3 h6 41. Kg2 Ra5 42. Rc7 Kf6 43. Rb7 Rd5 44. Rc7 Re5 45. Rb7 Rd5 46. Rc7 g5 47. hxg5+ hxg5 48. Rb7 g4 49. Rc7 Kg6 50. Re7 Re5 51. Rd7 f5 52. Rc7 Kf6 53. Rc8 Rd5 54. Rf8+ Ke5 55. Re8 Rd6 56. Re7 Ke4 57. Ra7 e5 58. Ra4+ Rd4 59. Ra8 Rc4 60. Re8 Rb4 61. Rd8 Rb6 62. Rd7 Re6 63. Rd1 f4 64. gxf4 exf4 65. Rd8 Kf5 66. Rf8+ Rf6 67. Ra8 Kg5 68. Rg8+ Rg6 69. Rh8 Rh6 70. Rg8+ Kh4 71. f3 gxf3+ 72. Kxf3 Kh5 73. Kxf4 Rf6+ 74. Ke5 Rf1 75. Rg2 Kh6 76. Ke6 Kh5 77. Ke5 Kh6 78. Ke6 Kh5 79. Ke5 1/2-1/2


[Site "https://www.chess.com"]

[Event "Titled Tuesday Blitz May 16 Early 2023"]
[White "JeRoma71"]
[Black "Gheorghiu, Calin"]
[BlackFideId "1200305"]
[WhiteElo "2849"]
[BlackElo "2223"]
[Result "0-1"]
[Round "03"]
[TimeControl "180+2"]
[Date "2023.05.16"]
[WhiteClock "0:01:49"]
[BlackClock "0:00:58"]

1. Nf3 d5 2. g3 Nf6 3. Bg2 e6 4. O-O Be7 5. d3 O-O 6. Nbd2 c5 7. e4 Nc6 8. Re1 Qc7 9. e5 Nd7 10. Qe2 b5 11. h4 a5 12. h5 h6 13. Nf1 Re8 14. Bf4 a4 15. Ne3 Nd4 16. Nxd4 cxd4 17. Nxd5 exd5 18. e6 Qc6 19. exd7 Bxd7 20. Rac1 Bb4 21. Qf3 Rxe1+ 22. Rxe1 Bxe1 23. Be5 Bd2 24. Bxd4 Bg5 25. c3 Re8 26. Qd1 Qe6 27. Kf1 Qg4 28. Qxg4 Bxg4 29. Bxd5 Be2+ 30. Kg2 Bxd3 31. f4 Bf6 32. Bf2 Be4+ 33. Bxe4 Rxe4 34. Kf3 Re8 35. g4 Rd8 36. Ke2 a3 37. bxa3 Bxc3 38. Bc5 Rd2+ 39. Ke3 Rxa2 40. Kd3 Bb2 41. Ke4 Bxa3 0-1


[Site "https://www.chess.com"]

[Event "Titled Tuesday Blitz May 16 Early 2023"]
[White "Bharath Subramaniyam H"]
[Black "Nikologorskiy, Konstantin"]
[WhiteFideId "46634827"]
[BlackFideId "24111708"]
[WhiteElo "2400"]
[BlackElo "2273"]
[Result "1-0"]
[Round "03"]
[TimeControl "180+2"]
[Date "2023.05.16"]
[WhiteClock "0:00:45"]
[BlackClock "0:00:00"]

1. c4 e5 2. Nf3 Nc6 3. d4 exd4 4. Nxd4 Bc5 5. Nb3 Bb4+ 6. Bd2 Bxd2+ 7. Qxd2 Nf6 8. Nc3 O-O 9. g3 d6 10. Bg2 Be6 11. Nd5 Re8 12. O-O Ne5 13. Rac1 c6 14. Ne3 Qc7 15. Nd4 Rad8 16. Rfd1 Bc8 17. Ndf5 Bxf5 18. Nxf5 Ng6 19. Nxd6 Re6 20. c5 Ne8 21. Nxe8 Rexe8 22. Qc2 h5 23. e3 h4 24. b4 Qe5 25. b5 hxg3 26. hxg3 Rc8 27. bxc6 bxc6 28. Qa4 Re6 29. Qxa7 Qh5 30. Rd6 Rce8 31. Bxc6 R8e7 32. Qa8+ Kh7 33. Bf3 Qh6 34. Rxe6 Rxe6 35. c6 Rxe3 36. c7 Rxf3 37. c8=Q Qh5 38. Qe4 Kh6 39. Qcg4 Qc5 40. Rxc5 1-0


[Site "https://www.chess.com"]

[Event "Titled Tuesday Blitz May 16 Early 2023"]
[White "Domingo Nunez, Alejandro"]
[Black "Sychev, Klementy"]
[WhiteFideId "22245561"]
[BlackFideId "4114060"]
[WhiteElo "2291"]
[BlackElo "2583"]
[Result "0-1"]
[Round "03"]
[TimeControl "180+2"]
[Date "2023.05.16"]
[WhiteClock "0:00:03"]
[BlackClock "0:00:03"]

1. Nf3 Nf6 2. g3 d5 3. Bg2 c5 4. O-O e6 5. d4 cxd4 6. Nxd4 e5 7. Nb3 Be6 8. c4 Nc6 9. cxd5 Nxd5 10. Bd2 a5 11. Nc3 a4 12. Nc1 a3 13. b3 Be7 14. Nd3 O-O 15. Rc1 Re8 16. Na4 Bg4 17. h3 Bh5 18. g4 Bg6 19. Bxd5 Qxd5 20. Nb6 Qe6 21. Nxa8 Rxa8 22. Nc5 Bxc5 23. Rxc5 h5 24. f3 hxg4 25. hxg4 Rd8 26. Qe1 e4 27. Bc3 Rd6 28. Qg3 exf3 29. exf3 Rd3 30. Qf2 b6 31. Re1 Qd7 32. Rc4 f6 33. Ra4 Rxc3 34. Ra8+ Kf7 35. Rae8 Rc2 36. Qxb6 Qxe8 37. Rxe8 Kxe8 38. Qb7 Nd8 39. Qb5+ Kf8 40. Qb4+ Kf7 41. Qxa3 Ne6 42. Qa7+ Kg8 43. Qe3 Ng5 44. a4 Nh3+ 45. Kf1 Rc8 46. a5 Re8 47. Qb6 Nf4 48. Kf2 Bd3 49. Kg3 Ne2+ 50. Kh4 g5+ 51. Kh5 Nf4+ 52. Kh6 Re7 53. Qb8+ Kf7 54. Qh8 Ke6 55. Qg8+ Kd6 56. Qd8+ Ke6 57. Qg8+ Kd7 58. Qb8 Rh7# 0-1


[Site "https://www.chess.com"]

[Event "Titled Tuesday Blitz May 16 Early 2023"]
[White "Moksh Amit Doshi"]
[Black "Rodshtein, Maxim"]
[WhiteFideId "25064967"]
[BlackFideId "2806851"]
[WhiteElo "2297"]
[BlackElo "2555"]
[Result "0-1"]
[Round "03"]
[TimeControl "180+2"]
[Date "2023.05.16"]
[WhiteClock "0:01:10"]
[BlackClock "0:00:44"]

1. d4 Nf6 2. c4 e6 3. Nf3 d5 4. Nc3 a6 5. cxd5 exd5 6. Bg5 Be6 7. e3 Nbd7 8. Bd3 h6 9. Bf4 Nh5 10. Bg3 c6 11. Qb3 Nxg3 12. hxg3 b5 13. Ne2 c5 14. Qc2 Rc8 15. dxc5 Nxc5 16. O-O Bd6 17. Nfd4 O-O 18. Rac1 Qf6 19. Nxe6 fxe6 20. Nf4 Bxf4 21. gxf4 Nxd3 22. Qxd3 Qxb2 23. Rxc8 Rxc8 24. f5 Qc2 25. Qa3 Qc6 26. fxe6 Qxe6 27. Rd1 Rc4 28. Qd3 Ra4 29. Rd2 Qe4 30. Qb3 Rc4 31. Qa3 Rc6 32. Qb3 Rc1+ 33. Kh2 Qh4# 0-1


[Site "https://www.chess.com"]

[Event "Titled Tuesday Blitz May 16 Early 2023"]
[White "egorchess95"]
[Black "Sviridov, Valery"]
[BlackFideId "4120680"]
[WhiteElo "2559"]
[BlackElo "2457"]
[Result "1/2-1/2"]
[Round "03"]
[TimeControl "180+2"]
[Date "2023.05.16"]
[WhiteClock "0:00:06"]
[BlackClock "0:00:43"]

1. e4 Nf6 2. e5 Nd5 3. c4 Nb6 4. c5 Nd5 5. Bc4 e6 6. d4 d6 7. cxd6 cxd6 8. Nf3 Nc6 9. O-O Nb6 10. Bb3 dxe5 11. dxe5 Qxd1 12. Rxd1 Bd7 13. Nc3 Na5 14. Bc2 Bc6 15. Nd4 Rd8 16. Bg5 Be7 17. Nxc6 Rxd1+ 18. Rxd1 Nxc6 19. Bf4 O-O 20. Be4 Rc8 21. Nb5 a6 22. Nd6 Bxd6 23. Rxd6 h6 24. b3 g5 25. Be3 Na8 26. f4 gxf4 27. Bxf4 Kg7 28. Kf2 Rc7 29. Bxc6 bxc6 30. Ke3 Nb6 31. Kd4 c5+ 32. Ke4 Nd5 33. Bd2 c4 34. Rxa6 cxb3 35. axb3 Rc2 36. Kd3 Rb2 37. Ra3 Kg6 38. g4 h5 39. h3 hxg4 40. hxg4 f5 41. exf6 Nxf6 42. Ra6 Rxb3+ 43. Kc2 Rg3 44. g5 Ne4 45. Rxe6+ Kf5 46. Re8 Nxd2 47. Kxd2 Rxg5 48. Re2 Rg4 49. Rf2+ Rf4 50. Rxf4+ Kxf4 1/2-1/2


[Site "https://www.chess.com"]

[Event "Titled Tuesday Blitz May 16 Early 2023"]
[White "OPQRC"]
[Black "Lobanov, Sergei"]
[BlackFideId "24183750"]
[WhiteElo "2556"]
[BlackElo "2501"]
[Result "0-1"]
[Round "03"]
[TimeControl "180+2"]
[Date "2023.05.16"]
[WhiteClock "0:00:14"]
[BlackClock "0:00:38"]

1. e4 c5 2. Nf3 Nc6 3. d4 cxd4 4. Nxd4 e5 5. Nb5 d6 6. c4 a6 7. N5c3 g6 8. Be2 Bg7 9. O-O Nge7 10. Na3 O-O 11. Nc2 Be6 12. Be3 h6 13. Qd2 Kh7 14. Rfd1 Rc8 15. Qxd6 Nd4 16. Qxd8 Rfxd8 17. Bxd4 exd4 18. Nd5 Nxd5 19. exd5 Bxd5 20. Nxd4 Bxc4 21. Bxc4 Rxc4 22. Nb3 Rxd1+ 23. Rxd1 Bxb2 24. Rd7 Kg7 25. Rxb7 a5 26. h3 a4 27. Nc5 Rc1+ 28. Kh2 Be5+ 29. g3 Rxc5 0-1


[Site "https://www.chess.com"]

[Event "Titled Tuesday Blitz May 16 Early 2023"]
[White "Sethuraman, S.P."]
[Black "Khandelwal, Ankush"]
[WhiteFideId "5021596"]
[BlackFideId "413470"]
[WhiteElo "2543"]
[BlackElo "2263"]
[Result "0-1"]
[Round "03"]
[TimeControl "180+2"]
[Date "2023.05.16"]
[WhiteClock "0:00:00"]
[BlackClock "0:00:06"]

1. Nf3 Nf6 2. c4 g6 3. d4 Bg7 4. Nc3 O-O 5. e4 d6 6. h3 Na6 7. Bg5 Qe8 8. Be2 e5 9. d5 Nh5 10. g3 f5 11. exf5 gxf5 12. Nh4 Nf6 13. Qc2 Nb4 14. Qb3 a5 15. a3 Na6 16. Qc2 Nc5 17. Be3 b6 18. Bxc5 bxc5 19. Nxf5 Bxf5 20. Qxf5 Nxd5 21. Qd3 Nxc3 22. bxc3 e4 23. Qd5+ Kh8 24. Rc1 Rb8 25. O-O Rb2 26. Bh5 Qe5 27. Qxe5 Bxe5 28. Rce1 Bxc3 29. Rxe4 Bd4 30. Be2 Ra2 31. Kg2 Rxa3 32. f4 Rb8 33. f5 Kg7 34. Re7+ Kf6 35. Re6+ Kf7 36. Bh5+ Kf8 37. h4 Rb2+ 38. Kh3 Be5 39. Re8+ Kg7 40. Rxe5 dxe5 41. f6+ Kf8 42. Rd1 Rb8 43. Rd7 Kg8 44. Rg7+ Kh8 45. Rxc7 Ra1 46. Bg4 Rh1+ 47. Kg2 Ra1 48. Bf5 Ra2+ 49. Kh3 Rf2 50. Rxh7+ Kg8 51. f7+ Kf8 52. Rh8+ Kxf7 53. Rxb8 Rxf5 54. Rb5 e4 55. Rxa5 e3 56. Ra1 e2 57. Re1 Rf2 58. Kg4 Ke6 59. h5 Ke5 60. Kg5 Kd4 61. h6 Ke3 62. g4 Kd2 63. Rxe2+ Kxe2 64. Kg6 Rh2 65. g5 Kd3 66. Kf7 Kxc4 67. g6 Rxh6 68. Kf6 Rxg6+ 69. Kxg6 Kd3 70. Kf5 c4 0-1


[Site "https://www.chess.com"]

[Event "Titled Tuesday Blitz May 16 Early 2023"]
[White "Pultinevicius, Paulius"]
[Black "Czerw, Dawid"]
[WhiteFideId "12809390"]
[BlackFideId "1145746"]
[WhiteElo "2540"]
[BlackElo "2144"]
[Result "1-0"]
[Round "03"]
[TimeControl "180+2"]
[Date "2023.05.16"]
[WhiteClock "0:00:04"]
[BlackClock "0:00:02"]

1. b3 g6 2. Bb2 Nf6 3. c4 d5 4. cxd5 Qxd5 5. e3 Bg7 6. Nf3 O-O 7. Bc4 Qd8 8. O-O c6 9. b4 Nbd7 10. a4 a5 11. bxa5 Qxa5 12. Nc3 e5 13. Qc2 Re8 14. d3 Nb6 15. Bb3 Nfd5 16. Ne4 h6 17. h3 Kh7 18. Rfc1 f5 19. Nc5 Nd7 20. Nxd7 Bxd7 21. Nd2 Rad8 22. Qc4 Qxd2 23. Rab1 Qe2 24. Rc2 Qh5 25. a5 Be6 26. Qa4 f4 27. e4 Nf6 28. Bxe6 Rxe6 29. Qb3 Red6 30. f3 Rxd3 31. Qxb7 Qg5 32. Rf1 Rd2 33. Rxd2 Rxd2 34. Rf2 Rxf2 35. Kxf2 Qg3+ 36. Kf1 Qh2 37. Bxe5 Nh5 38. Bxg7 Nxg7 39. a6 Qh1+ 40. Kf2 Qc1 41. Qb3 Qd2+ 42. Kf1 Qc1+ 43. Ke2 Ne6 44. Qb7+ Ng7 45. Qb3 Ne6 46. Qb7+ Ng7 47. Kd3 Qd1+ 48. Kc3 Qc1+ 49. Kb4 Qa1 50. Kc5 Qb1 51. Qxb1 Ne6+ 52. Kb6 1-0


[Site "https://www.chess.com"]

[Event "Titled Tuesday Blitz May 16 Early 2023"]
[White "Boyer, Mahel"]
[Black "Kalajzic, Ivan"]
[WhiteFideId "45102422"]
[BlackFideId "14506378"]
[WhiteElo "2439"]
[BlackElo "2203"]
[Result "1-0"]
[Round "03"]
[TimeControl "180+2"]
[Date "2023.05.16"]
[WhiteClock "0:00:47"]
[BlackClock "0:00:18"]

1. Nf3 Nc6 2. d4 d6 3. d5 Ne5 4. Nxe5 dxe5 5. e4 Nf6 6. Bb5+ Bd7 7. Qe2 a6 8. Bc4 b5 9. Bb3 c5 10. dxc6 Bxc6 11. f3 e6 12. Be3 Bb4+ 13. Nd2 Ba5 14. Qf2 Rb8 15. a4 Bb6 16. axb5 Bxe3 17. Qxe3 axb5 18. Qc5 Qb6 19. Qxb6 Rxb6 20. O-O-O Ke7 21. Nb1 b4 22. Nd2 Ra8 23. Nc4 Rba6 24. Nxe5 Bb5 25. Kd2 Ne8 26. Ke3 f6 27. Nd3 Bxd3 28. cxd3 e5 29. d4 exd4+ 30. Rxd4 Rb8 31. Rc1 Rd6 32. Rcc4 Rxd4 33. Kxd4 Nd6 34. Rc7+ Kf8 35. Kc5 Rd8 36. Be6 b3 37. Rd7 Rxd7 38. Bxd7 Nb7+ 39. Kb4 Ke7 40. Bc6 Nd8 41. Bd5 f5 42. Kxb3 fxe4 43. fxe4 Kf6 44. Kc4 Ke5 45. b4 g5 46. b5 h5 47. b6 g4 48. g3 Kd6 49. Kd4 Ke7 50. Ke5 Kf8 51. Kd6 Kg7 52. Kd7 Nf7 53. Bxf7 Kf6 54. b7 Kg5 55. b8=Q h4 56. Qe5+ Kh6 57. Qh5+ Kg7 58. Qg6+ Kf8 59. Qg8# 1-0


[Site "https://www.chess.com"]

[Event "Titled Tuesday Blitz May 16 Early 2023"]
[White "Zemlyanskii, Ivan"]
[Black "Orzech, Dominik"]
[WhiteFideId "24249971"]
[BlackFideId "1115065"]
[WhiteElo "2421"]
[BlackElo "2260"]
[Result "0-1"]
[Round "03"]
[TimeControl "180+2"]
[Date "2023.05.16"]
[WhiteClock "0:00:03"]
[BlackClock "0:00:41"]

1. d4 Nf6 2. c4 c5 3. d5 e6 4. Bf4 Qb6 5. Nc3 exd5 6. cxd5 Qxb2 7. Rc1 d6 8. e3 a6 9. a4 Nbd7 10. Nf3 Qb4 11. Nd2 Nb6 12. e4 Bd7 13. Bd3 Nbxd5 14. Nxd5 Nxd5 15. Rc4 Nxf4 16. Rxb4 Nxd3+ 17. Ke2 Nxb4 18. Nc4 Rd8 19. Ke3 Be6 20. Nb6 d5 21. e5 c4 22. Kf4 Bc5 23. a5 Nd3+ 0-1


[Site "https://www.chess.com"]